[Event "Late-Titled-Tuesday-Blitz-May-14-2024"]
[Site "Chess.com"]
[Date "2024.05.14"]
[Round "1"]
[White "rionelG"]
[Black "Romkachess"]
[Result "1-0"]
[WhiteElo "2309"]
[BlackElo "2597"]
[TimeControl "180+1"]
[EndTime "14:08:19 PDT"]
[Termination "rionelG won by resignation"]

1. e4 c5 2. g3 g6 3. Bg2 Bg7 4. Ne2 Nc6 5. c3 d6 6. d3 e6 7. Be3 Nge7 8. O-O Kf8 9. d4 cxd4 10. cxd4 d5 11. exd5 Nxd5 12. Nbc3 h5 13. Nxd5 exd5 14.
Nf4 Be6 15. Qf3 Kg8 16. Nxe6 fxe6 17. Rad1 Qf6 18. Qe2 Kh7 19. Rfe1 Rhf8 20. Qb5 Rf7 21. h4 a6 22. Qe2 Raf8 23. Rf1 Bh6 24. Bxh6 Kxh6 25.
b3 Kg7 26. Qe3 Re7 27. Rfe1 Ref7 28. Rd2 Re7 29. Qg5 Qxg5 30. hxg5 h4 31. Re3 hxg3 32. Rxg3 Rf4 33. Re3 Kf7 34. Rf3 Rxf3 35. Bxf3 Re8 36. Kg2 Ke7 37. Bd1 Rf8 38. Bc2 Rf4 39. Kg3 Rxd4 40.
Rxd4 Nxd4 41. Bxg6 Ne2+ 42. Kg4 Nc3 43. a4 Nd1 44. f4 Nc3 45. Bd3 b5 46. axb5 axb5 47. Kh5 Kf7 48. Kh6 Kg8 49. Kg6 b4 50. Kf6 Nb5 51.
Kxe6 Nd4+ 52. Kxd5 Nxb3 53. f5 Nc1 54. Bc4 b3 55. Kd4+ Kf8 56. Kc3 Ne2+ 57. Bxe2 b2 58.
Kxb2 1-0

[Event "Late-Titled-Tuesday-Blitz-May-14-2024"]
[Site "Chess.com"]
[Date "2024.05.14"]
[Round "1"]
[White "PepeCuenca"]
[Black "FuenfgegenWilly"]
[Result "1-0"]
[WhiteElo "2817"]
[BlackElo "2455"]
[TimeControl "180+1"]
[EndTime "14:08:20 PDT"]
[Termination "PepeCuenca won on time"]

1. d4 d5 2. Bf4 Nc6 3. e3 f6 4.
Bb5 a6 5. Ba4 b5 6. Bb3 e5 7.
Bg3 Be6 8. a4 b4 9. a5 Nh6 10.
Ba4 Qd6 11. Nf3 O-O-O 12. h3 Nf5 13. Bh2 g5 14. Nbd2 Bg7 15. Nb3 h5 16. Nc5 g4 17.
Qe2 Nb8 18. Nd2 gxh3 19. gxh3 h4 20. O-O-O c6 21. Nxa6 Nxa6 22. Qxa6+ Kd7 23. Qa7+ Qc7 24. Qxc7+ Kxc7 25. Nb3 Ra8 26. Nc5 Bc8 27. a6 Bxa6 28. Rhg1 Rhg8 29. Kb1 Kd6 30. Rg2 Bc4 31. b3 Bb5 32.
Rdg1 Bxa4 33. Nxa4 Ra7 34. Rg6 Ke6 35. Kb2 Kf7 36.
Nc5 Raa8 37. Na4 Bh8 38. Rxg8 Rxg8 39. Rxg8 Kxg8 40. dxe5 fxe5 41. Nc5 e4+ 42. Kc1 Bf6 43. Na6 Be7 44. Be5 Kf7 45. Kd2 Ke6 46. Bf4 c5 47. Ke2 d4 48. Nc7+ Kd7 49. Nd5 Bf8 50. Nf6+ Ke6 51. Nxe4 Kd5 52. Nf6+ Ke6 53. Ng4 dxe3 54. fxe3 Bg7 55. Kd3 Kd5 56. e4+ Ke6 57. exf5+ Kxf5 58. Be3 Bf8 59. Nf2 Bd6 60. Ne4 Be5 61. Bxc5 1-0

[Event "Late-Titled-Tuesday-Blitz-May-14-2024"]
[Site "Chess.com"]
[Date "2024.05.14"]
[Round "1"]
[White "LeninGuerra"]
[Black "schachlana"]
[Result "1-0"]
[WhiteElo "2669"]
[BlackElo "2344"]
[TimeControl "180+1"]
[EndTime "14:08:21 PDT"]
[Termination "LeninGuerra won on time"]

1. e4 c5 2. Nf3 a6 3. b4 cxb4 4. a3 e6 5. axb4 Bxb4 6. c3 Bf8 7. d4 d5 8. e5 Ne7 9. Bd3 Ng6 10. O-O Be7 11. Ba3 Nc6 12. Nbd2 O-O 13. Qc2 Bd7 14. Rfb1 b5 15. Nb3 Qc7 16. Bxe7 Ncxe7 17. Nc5 Rfc8 18. h4 Be8 19. h5 Nf8 20. h6 g6 21. Qd2 Nf5 22. Bxf5 exf5 23. Ne1 Ne6 24. Ned3 a5 25.
Nxe6 fxe6 26. Nc5 Qe7 27. Ra3 g5 28. Rba1 a4 29. g3 Bg6 30. Kg2 Rab8 31. Rb1 f4 32. Rb2 Rf8 33. g4 f3+ 34. Kg3 Be4 35. Ra1 Kh8 36.
Rb4 Rf4 37. Raxa4 Qf8 38. Nxe6 Qxh6 39. Nxg5 Rbf8 40. Qxf4 Rxf4 41. Kxf4 Qh2+ 42. Ke3 bxa4 43. Rxa4 Qg1 44. Ra8+ Kg7 45. Nxe4 dxe4 46. Ra7+ Kg6 47. Ra6+ Kg5 48. Kxe4 Qe1+ 49. Kxf3 Qd1+ 50. Kg2 Qxg4+ 51. Kf1 Qh3+ 52. Ke2 Qxc3 53. Rd6 Qc4+ 54. Ke3 Qc3+ 55. Ke4 Qe1+ 56. Kf3 Qd1+ 57. Kg2 Kf4 58. Rf6+ Ke4 59. Kg3 Qg1+ 60. Kh4 Qxf2+ 61. Rxf2 1-0

[Event "Late-Titled-Tuesday-Blitz-May-14-2024"]
[Site "Chess.com"]
[Date "2024.05.14"]
[Round "1"]
[White "Mbneu"]
[Black "ahkashefi2800"]
[Result "1/2-1/2"]
[WhiteElo "2240"]
[BlackElo "2597"]
[TimeControl "180+1"]
[EndTime "14:08:22 PDT"]
[Termination "Game drawn - insufficient material"]

1. d4 d5 2. c4 c6 3. Nc3 Nf6 4. Nf3 a6 5. g3 Bf5 6. Bg2 e6 7. O-O Be7 8. Ne5 O-O 9. Bf4 Nbd7 10. Rc1 Nxe5 11. dxe5 Nd7 12. cxd5 cxd5 13. e4 dxe4 14. Nxe4 Bxe4 15. Bxe4 Nc5 16. Bf3 Nd3 17. Rc3 Nxf4 18. gxf4 Rb8 19. Qxd8 Rfxd8 20. Rc7 Bf8 21. Rfc1 b5 22.
Ra7 Rd4 23. f5 exf5 24. Rcc7 Rf4 25. Kg2 Re8 26. Bd5 Kh8 27. Bxf7 Rd8 28. Rd7 Rxd7 29.
Rxd7 g6 30. Bd5 Rd4 31. e6 Bc5 32. Bb7 Rxd7 33. exd7 Bb6 34. b4 a5 35. a3 axb4 36. axb4 Kg7 37. Bc6 Kf7 38. Bxb5 Ke7 39. Bc6 h6 40. b5 Bc7 41. h3 Bb6 42. f3 g5 43.
Kf1 h5 44. Ke2 g4 45. fxg4 fxg4 46. hxg4 hxg4 47. Kf1 g3 48. Kg2 Bc7 49. Kf3 Kd8 50. Kg4 Bb8 51. Kf5 Bc7 52. Ke6 Bb6 53. Kd6 Bc7+ 54.
Kc5 Bf4 55. b6 g2 56. Bxg2 Kxd7 57. Bh3+ Kd8 58. Kc6 Bg3 59. Kb7 Bf2 60. Ka6 Bxb6 1/2-1/2

[Event "Late-Titled-Tuesday-Blitz-May-14-2024"]
[Site "Chess.com"]
[Date "2024.05.14"]
[Round "1"]
[White "biostatistician"]
[Black "Iuckyducky"]
[Result "1-0"]
[WhiteElo "2612"]
[BlackElo "2287"]
[TimeControl "180+1"]
[EndTime "14:08:23 PDT"]
[Termination "biostatistician won by checkmate"]

1. d4 Nf6 2. Nf3 d5 3. c4 c6 4.
cxd5 cxd5 5. Nc3 Nc6 6. Bf4 Bf5 7. e3 e6 8. Qb3 Qd7 9. Bb5 Bd6 10. Bxd6 Qxd6 11.
O-O O-O 12. Rac1 Rac8 13. Bxc6 Rxc6 14. Nb5 Qb8 15. Ne5 Rxc1 16. Rxc1 a6 17. Nc3 Rc8 18. Ne2 Rxc1+ 19. Nxc1 Qc7 20. Qc3 Qxc3 21. bxc3 Ne4 22. c4 f6 23. Nd7 dxc4 24. f3 Nd6 25. e4 Bg6 26. Kf2 Kf7 27. Ke3 Ke7 28. Nc5 Be8 29. Kd2 Bb5 30. e5 fxe5 31. dxe5 Nf7 32. f4 Bc6 33. g3 Nd8 34. Kc3 Bd5 35. a4 a5 36.
Ne2 b6 37. Na6 Bb7 38. Nc7 Kd7 39. Nb5 Bd5 40. Na3 Bc6 41. Nb5 Bd5 42. Ned4 Nb7 43. Kb2 Nc5 44. Ka3 Ne4 45. Ne2 Nf2 46. Nd6 Ng4 47.
h4 Ne3 48. Kb2 Nd1+ 49. Kc2 Nf2 50. Kc3 Ne4+ 51. Nxe4 Bxe4 52. Kxc4 Bf3 53. Nc3 Kc6 54. Kd4 Bg4 55. Ke3 Bf5 56. Kf3 Bc2 57. g4 Kc5 58.
Ke3 Kb4 59. Kd2 Bxa4 60. Nxa4 Kxa4 61. f5 Kb3 62. fxe6 a4 63. e7 a3 64. e8=Q a2 65.
Qb5+ Ka3 66. Kc2 a1=Q 67. Qb3# 1-0

[Event "Late-Titled-Tuesday-Blitz-May-14-2024"]
[Site "Chess.com"]
[Date "2024.05.14"]
[Round "1"]
[White "SujanaLohani"]
[Black "ChadBiryani"]
[Result "1-0"]
[WhiteElo "2040"]
[BlackElo "2545"]
[TimeControl "180+1"]
[EndTime "14:08:23 PDT"]
[Termination "SujanaLohani won by checkmate"]

1. e4 d5 2. exd5 Qxd5 3. d4 e5 4. dxe5 Qxe5+ 5. Be2 Bg4 6. Nf3 Bxf3 7. gxf3 Nd7 8. f4 Qe4 9. O-O O-O-O 10. Nc3 Qg6+ 11. Kh1 Bd6 12. Be3 a6 13. Rg1 Qh6 14. Qd4 Ngf6 15. Qa7 Nb8 16. Bf3 c6 17. Na4 Nfd7 18.
Qd4 Bc7 19. Qxg7 Qe6 20. Nc5 Qc4 21. Nxd7 Nxd7 22. c3 Bxf4 23. Rg4 Rhg8 24. Qxg8 Rxg8 25. Rxg8+ Kc7 26. Rg4 Qd3 27. Rxf4 Ne5 28. Rd1 Qg6 29.
Bg2 f6 30. Bd4 Qh5 31. Re1 Ng4 32. h3 Ne5 33. Rxf6 Nc4 34. Re7+ Kd8 35. Rg7 Qe8 36. Kh2 c5 37. Rf4 cxd4 38. Rxd4+ Kc8 39. Rxb7 Qe5+ 40. f4 Qe6 41. f5 Qe5+ 42. Kg1 Qe1+ 43. Kh2 Qe5+ 44.
Kg1 Nd6 45. Rb6 Qe1+ 46. Bf1 Qg3+ 47. Bg2 Nxf5 48. Rc6+ Kb7 49. Rb4+ Ka7 50. Re6 Qe3+ 51. Rxe3 Nxe3 52. Re4 Nc4 53. Rxc4 Kb6 54. Rd4 Kb5 55.
Re4 a5 56. Rf4 a4 57. Rb4+ Ka5 58. a3 h6 59. Rh4 h5 60. Rxh5+ Kb6 61. Rg5 Ka6 62.
h4 Kb6 63. h5 Kc7 64. h6 Kd6 65. h7 Ke7 66. h8=Q Kf7 67. Qh6 Ke8 68. Rg7 Kf8 69.
Qh8# 1-0

[Event "Late-Titled-Tuesday-Blitz-May-14-2024"]
[Site "Chess.com"]
[Date "2024.05.14"]
[Round "1"]
[White "Agibileg"]
[Black "Redzishchess"]
[Result "0-1"]
[WhiteElo "2865"]
[BlackElo "2509"]
[TimeControl "180+1"]
[EndTime "14:08:24 PDT"]
[Termination "Redzishchess won by resignation"]

1. d4 Nf6 2. c4 g6 3. Nc3 d5 4. cxd5 Nxd5 5. e4 Nxc3 6. bxc3 Bg7 7. Bc4 c5 8. Ne2 Nc6 9. Be3 O-O 10. O-O b6 11. Rc1 Qc7 12. Qd2 Rd8 13. h4 Bb7 14. h5 e6 15. h6 Bh8 16. Bd3 Qd7 17. Bb5 a6 18. Bxc6 Bxc6 19. f3 Bb5 20. Rfd1 Bxe2 21. Qxe2 cxd4 22. cxd4 b5 23. e5 Rac8 24. f4 Rxc1 25.
Rxc1 Rc8 26. Rxc8+ Qxc8 27. Qf3 f6 28. Bd2 g5 29. Qc3 Qxc3 30. Bxc3 gxf4 31. Kf2 Kf7 32. Kf3 Kg6 33. Kxf4 fxe5+ 34. dxe5 Kxh6 35. Ke4 Kg5 36. Bd2+ Kg4 37. Bh6 a5 38. a3 b4 39. axb4 axb4 40. Bd2 b3 41. Bc3 Kg3 42. Kd3 Kxg2 43. Kc4 Kf3 44. Kxb3 Ke4 45. Kc4 Bxe5 46. Be1 h5 47.
Kc5 Kf3 48. Kc6 Bg3 49. Bb4 h4 50. Bc5 h3 51. Bg1 Kg2 52. Kd7 Kxg1 53. Kxe6 0-1

[Event "Late-Titled-Tuesday-Blitz-May-14-2024"]
[Site "Chess.com"]
[Date "2024.05.14"]
[Round "1"]
[White "KingCyber19"]
[Black "campochess"]
[Result "0-1"]
[WhiteElo "2552"]
[BlackElo "2110"]
[TimeControl "180+1"]
[EndTime "14:08:27 PDT"]
[Termination "campochess won by resignation"]

1. d4 Nf6 2. c4 g6 3. Nc3 d5 4. cxd5 Nxd5 5. e4 Nxc3 6. bxc3 Bg7 7. Bc4 c5 8. Ne2 O-O 9. Be3 Bg4 10. O-O Nc6 11. f3 Bc8 12. Qd2 Re8 13. Rfd1 Qa5 14. Rac1 a6 15. dxc5 Ne5 16. Bb3 Nd7 17. Qd5 e6 18.
Qc4 Nf6 19. Bd4 Nd7 20. Bxg7 Kxg7 21. Rxd7 Bxd7 22. Qd4+ Kg8 23. Qxd7 Rad8 24. Qxb7 Rd2 25.
Nd4 Qa3 26. Rd1 Rxd1+ 27. Bxd1 Qxc3 28. Nc2 Qxc5+ 29. Kf1 Rd8 30. Qb1 Qc3 31. Ne1 Rd2 32.
Bc2 Qe3 33. Qb8+ Kg7 34. Qe5+ Kh6 35. Qg3 Qe2+ 36. Kg1 Rxc2 37. Nxc2 Qxc2 38. Qf4+ Kg7 39. Qe5+ Kh6 40. Qf4+ Kg7 41. Qe5+ Kh6 42. Qa1 Qc5+ 43.
Kh1 Qf2 44. a4 Qc5 45. Qd1 Qc3 46. h3 g5 47. Kh2 Kg6 48. Kh1 h5 49. Kh2 h4 50.
Kh1 Kh6 51. Qb1 Qa3 52. Qd1 Kh7 53. Qd7 Qa1+ 54. Kh2 Qe5+ 55. Kg1 Qa1+ 56. Kf2 Qb2+ 57. Ke3 Qc3+ 58. Ke2 Qc2+ 59. Qd2 Qxa4 60. Qxg5 Qb5+ 61. Qxb5 axb5 62. f4 Kg6 63. Kf3 e5 64. fxe5 Kg5 65. Ke3 b4 66. Kd4 Kf4 67. Kd5 b3 68. e6 fxe6+ 69. Kxe6 b2 70. e5 b1=Q 71. Kf6 Qf5+ 0-1

[Event "Late-Titled-Tuesday-Blitz-May-14-2024"]
[Site "Chess.com"]
[Date "2024.05.14"]
[Round "1"]
[White "GothamChess"]
[Black "ural58"]
[Result "0-1"]
[WhiteElo "2775"]
[BlackElo "2458"]
[TimeControl "180+1"]
[EndTime "14:08:32 PDT"]
[Termination "ural58 won by resignation"]

1. e4 d5 2. exd5 Qxd5 3. h3 e5 4. Nf3 Nc6 5. Nc3 Qe6 6. Bb5 Bd7 7. O-O O-O-O 8. Re1 Qg6 9. Kh1 f6 10. Qe2 Nge7 11. d3 Nf5 12. Be3 a6 13. Ba4 h5 14.
a3 Qe8 15. Ne4 Ncd4 16. Bxd7+ Qxd7 17. Bxd4 Nxd4 18. Nxd4 Qxd4 19. b4 Be7 20. Qf3 Qd7 21.
Rab1 Rdf8 22. b5 axb5 23. a4 b4 24. a5 Qc6 25. Qf5+ Kb8 26. a6 Qxa6 27. Qd7 Re8 28. c3 Qc6 29. Qf5 Rhg8 30. Qxh5 g6 31. Qf3 f5 32. Nd2 Qxf3 33. Nxf3 bxc3 34. Rec1 Bd6 35.
Rxc3 Rd8 36. Rcb3 b6 37. Nd2 Kc8 38. Nc4 Rge8 39. Ra1 Kd7 40. Ra7 Ke6 41. g3 Ra8 42. Nxd6 Kxd6 43. Rb7 Rec8 44. Rc3 Ra5 45. Kg2 Rc5 46.
Ra3 Kc6 47. Rba7 Rd5 48. Rc3+ Kd6 49. Ra4 c5 50. Ra6 Rc6 51. Ra7 b5 52. Rb7 b4 53.
Rb3 Ke6 54. Rg7 Kf6 55. Rb7 Rcd6 56. Rc7 Rxd3 57. Rxd3 Rxd3 58. Rxc5 b3 59. Rb5 e4 60.
Kf1 Ke6 61. Ke2 Kd6 62. Rb6+ Kc5 63. Rb8 Kc4 64. Rc8+ Kb4 65. h4 Ka3 66. Rb8 b2 67.
Ra8+ Kb3 68. Rb8+ Kc2 69. Rb6 b1=Q 0-1

[Event "Late-Titled-Tuesday-Blitz-May-14-2024"]
[Site "Chess.com"]
[Date "2024.05.14"]
[Round "1"]
[White "stollenmonster"]
[Black "Smiechu"]
[Result "1-0"]
[WhiteElo "2892"]
[BlackElo "2495"]
[TimeControl "180+1"]
[EndTime "14:08:33 PDT"]
[Termination "stollenmonster won by resignation"]

1. e4 c5 2. Nf3 g6 3. d4 cxd4 4. Nxd4 Nc6 5. Nc3 Bg7 6. Nde2 Nf6 7. g3 O-O 8. Bg2 d6 9. O-O Bd7 10. h3 Rc8 11. a4 Ne5 12. Nd5 Bc6 13. Ra2 e6 14.
Nxf6+ Qxf6 15. Nf4 Rfd8 16. b3 Qe7 17. c4 a5 18. Be3 Nd7 19. Nd5 exd5 20. exd5 Nc5 21. dxc6 bxc6 22. Rd2 Bc3 23. Re2 Qb7 24. Bg5 f6 25.
Bh6 Qxb3 26. Re3 Qxd1 27. Rxd1 Nxa4 28. Re7 f5 29. Rc1 Bf6 30. Ra7 Nc5 31. Be3 Nb3 32. Rb1 Rb8 33. Bxc6 Rdc8 34. Bd5+ Kh8 35. Bh6 Nc5 36.
Rxb8 Rxb8 37. Rxa5 Bg7 38. Bf4 Rd8 39. Bxd6 Rxd6 40.
Ra8+ Bf8 41. Rxf8+ Kg7 42. Rf7+ Kh6 43. Rc7 Nd3 44.
h4 Ne5 45. f4 Nd3 46. Bg8 Kh5 47. Kg2 Kg4 48. Bd5 Ne1+ 49. Kf2 Nd3+ 50. Ke3 Ne1 51.
Rxh7 Kxg3 52. h5 gxh5 53. Rxh5 Ng2+ 54. Bxg2 Kxg2 55. Rxf5 Kg3 56. c5 Rc6 57. Rg5+ Kh4 58. Kd4 Rf6 59. Ke4 Re6+ 60. Re5 Rc6 61. Kd5 Rc8 62. c6 Kg4 63. f5 Kg5 64. Kd6 Kf6 65. Rb5 Rd8+ 66. Kc7 Rf8 67. Kb7 Rf7+ 68. c7 1-0

[Event "Late-Titled-Tuesday-Blitz-May-14-2024"]
[Site "Chess.com"]
[Date "2024.05.14"]
[Round "1"]
[White "BjarkeSahl"]
[Black "KamilGrycel"]
[Result "0-1"]
[WhiteElo "2097"]
[BlackElo "2569"]
[TimeControl "180+1"]
[EndTime "14:08:33 PDT"]
[Termination "KamilGrycel won by resignation"]

1. d4 d6 2. c4 e5 3. Nf3 e4 4. Nfd2 f5 5. Nc3 Nf6 6. e3 c6 7. h4 Be7 8. g3 Na6 9. a3 Nc7 10. Ne2 O-O 11. Nf4 d5 12. b3 Ne6 13. Bb2 Nxf4 14. gxf4 Be6 15. Be2 Kh8 16. h5 Bf7 17. Nf1 Be6 18. Ng3 Qd7 19. Qd2 a5 20. Bc3 b6 21. cxd5 Nxd5 22. Bb2 Bf6 23. Kf1 Rfd8 24.
Kg2 Rac8 25. Rhc1 Ne7 26. Qe1 Bxb3 27. Rab1 a4 28. Bc3 Nd5 29. Bd2 b5 30. Qh1 Be7 31. Ra1 Qe6 32. Qh3 Rf8 33. Bd1 Bxd1 34. Rxd1 Bd6 35.
Rdc1 Nb6 36. Rc5 Bxc5 37. dxc5 Nd5 38. h6 Qxh6 39. Qxh6 gxh6 40. Bc1 Kg8 41. Bb2 Rce8 42. Bd4 Re6 43. Rh1 Rg6 44. Rh5 Ne7 45. Kf1 Rf7 46.
Ke2 Kf8 47. Kd2 Ke8 48. Kc3 Nd5+ 49. Kd2 Ne7 50. Kc3 Kd7 51. Kd2 Ke6 52. Ke2 Nd5 53. Rh1 Rd7 54. Be5 Ne7 55. Bd4 Rxd4 56. exd4 Nd5 57. Rh4 Nc3+ 58. Ke3 Nd5+ 59. Ke2 Kf6 60.
Kd2 b4 61. axb4 Nxb4 62. Kc3 Nd5+ 63. Kc4 a3 64. Rh1 e3 65. Nh5+ Ke6 66. fxe3 Nxe3+ 67. Kb4 a2 68. Re1 a1=Q 69. Rxa1 Nc2+ 70. Kc3 Nxa1 0-1

[Event "Late-Titled-Tuesday-Blitz-May-14-2024"]
[Site "Chess.com"]
[Date "2024.05.14"]
[Round "1"]
[White "sofaceindisguise"]
[Black "Hakiki_satranc"]
[Result "1/2-1/2"]
[WhiteElo "2730"]
[BlackElo "2421"]
[TimeControl "180+1"]
[EndTime "14:08:36 PDT"]
[Termination "Game drawn by repetition"]

1. e4 c5 2. Nf3 Nc6 3. Bb5 d6 4. O-O Bd7 5. h3 Nf6 6. Re1 a6 7. Bd3 Rg8 8. e5 Nxe5 9. Nxe5 dxe5 10. Rxe5 Qc7 11. Re1 g5 12. Qf3 O-O-O 13. Nc3 Bc6 14. Qf5+ Kb8 15. Ne4 Nxe4 16. Bxe4 e6 17. Qf3 Bxe4 18.
Rxe4 h5 19. d3 Bd6 20. Qxh5 f5 21. Rxe6 g4 22. h4 f4 23. Bd2 f3 24. Rae1 g3 25.
Qxf3 Rgf8 26. Rxd6 gxf2+ 27. Qxf2 Rxf2 28. Rxd8+ Qxd8 29. Kxf2 Qxh4+ 30. Kf3 Qf6+ 31. Bf4+ Kc8 32. b3 b5 33. Re5 c4 34. bxc4 bxc4 35. Rc5+ Kd7 36. Rxc4 Qg6 37.
g4 Qe6 38. g5 Qh3+ 39. Ke2 Qg2+ 40. Kd1 Qf1+ 41. Kd2 Qf2+ 42. Kc1 Qg1+ 43. Kb2 Qb6+ 44.
Kc3 Qa5+ 45. Kd4 Qb6+ 46. Ke4 Qe6+ 47. Kd4 Qf5 48. Kc3 Qh3 49. a4 Qg2 50. Be3 Qf3 51.
Bd2 Qg2 52. a5 Qg1 53. Kb2 Qg2 54. Rc5 Qg1 55. Bb4 Qg2 56. Bc3 Qg1 57. Rf5 Qg4 58. Rf7+ Ke8 59. Rg7 Qf5 60. g6 Qb5+ 61. Kc1 Qg5+ 62.
Bd2 Qf6 63. Rg8+ Kd7 64. Be3 Qa1+ 65. Kd2 Qxa5+ 66. Ke2 Qh5+ 67. Kd2 Qh2+ 68. Kc3 Qe5+ 69. Bd4 Qa5+ 70. Kb3 Qb5+ 71. Ka3 Qa5+ 72. Kb2 Qb4+ 73. Kc1 Qxd4 74. g7 Qa1+ 75. Kd2 Qa5+ 76. Kd1 Qa1+ 77. Kd2 Qa5+ 78. Kc1 Qa1+ 79. Kd2 1/2-1/2

[Event "Late-Titled-Tuesday-Blitz-May-14-2024"]
[Site "Chess.com"]
[Date "2024.05.14"]
[Round "1"]
[White "Kira170"]
[Black "Godzillator"]
[Result "1-0"]
[WhiteElo "2756"]
[BlackElo "2423"]
[TimeControl "180+1"]
[EndTime "14:08:44 PDT"]
[Termination "Kira170 won by resignation"]

1. d4 d5 2. c4 c6 3. Nf3 Nf6 4. Nc3 a6 5. Qc2 b5 6. cxd5 cxd5 7. Bf4 e6 8. e3 Bd6 9. Bd3 Bxf4 10. exf4 O-O 11.
O-O g6 12. Ne5 Bb7 13. Rac1 Nbd7 14. Qe2 Qb6 15. Qe3 Rac8 16. h3 Rc7 17. Rcd1 Rfc8 18. Rfe1 b4 19. Na4 Qa5 20. b3 Bc6 21. Nxf7 Kxf7 22.
Qxe6+ Kg7 23. Qe7+ Kg8 24. f5 Re8 25. Qd6 Rxe1+ 26.
Rxe1 Bxa4 27. Qe6+ Kg7 28. Qe7+ Kg8 29. fxg6 Nf8 30. Qxf6 hxg6 31. bxa4 Rf7 32. Qc6 b3 33. Rf1 bxa2 34. Qc2 Qb4 35. Qxa2 Qxd4 36. Bxa6 Ne6 37. Bc8 Nf4 38. Bg4 Kg7 39. a5 Nd3 40. a6 Nb4 41.
Qa1 Qxa1 42. Rxa1 Ra7 43. Bc8 d4 44. Rb1 Nxa6 45. Ra1 d3 46. Bxa6 d2 47. Rd1 Rxa6 48. Rxd2 Kf6 49. g3 g5 50. Kg2 Ra3 51. Re2 Kf5 52. Re3 Ra2 53. Rf3+ Kg6 54. Re3 Kf5 55.
Re8 Ra3 56. Rf8+ Kg6 57. Rb8 Kf5 58. Rb4 Rc3 59. Rd4 Rb3 60. Ra4 Rc3 61. h4 gxh4 62.
Rf4+ Kg5 63. Rxh4 Rb3 64. Ra4 Rc3 65. Ra5+ Kg6 66. f4 Kf6 67. Kh3 Kg6 68. Kg4 Kf6 69. Ra6+ Kg7 70. Kh4 Rc1 71. g4 Rc5 72. f5 Kf7 73.
Kg5 Kg7 74. Ra7+ Kf8 75. Kh5 Ke8 76. Kg6 Rc6+ 77. f6 Kd8 78. g5 Ke8 79. Kg7 1-0

[Event "Late-Titled-Tuesday-Blitz-May-14-2024"]
[Site "Chess.com"]
[Date "2024.05.14"]
[Round "1"]
[White "Rodalquilar"]
[Black "Rakitic2010"]
[Result "1-0"]
[WhiteElo "2865"]
[BlackElo "2488"]
[TimeControl "180+1"]
[EndTime "14:08:47 PDT"]
[Termination "Rodalquilar won by resignation"]

1. d4 Nf6 2. Nf3 c5 3. c3 cxd4 4. cxd4 e6 5. Nc3 b6 6. e4 d6 7. Bd3 Bb7 8. O-O Be7 9. Qe2 O-O 10. Bf4 Nc6 11. a3 Rc8 12. Rad1 Qd7 13. e5 Nh5 14. Bc1 g6 15. Bh6 Rfd8 16. Bb1 Qe8 17. Ne4 Na5 18. g4 Bxe4 19. Bxe4 Ng7 20. h4 Nb3 21. Kg2 dxe5 22. dxe5 Nc5 23. Bb1 Rxd1 24. Rxd1 Rd8 25. Rc1 Qa4 26.
Rc4 Qb5 27. b4 Nb3 28. Qc2 Na1 29. Qc3 Qd5 30. Be4 Qd1 31. Rc7 Bf8 32. Qc1 Qa4 33. Qxa1 Ne8 34. Rc1 Bxh6 35. g5 Bg7 36. Qc3 Qd7 37.
Bc6 Qc7 38. Bxe8 Qxc3 39. Bxf7+ Kxf7 40. Rxc3 Rd7 41. Rc6 Ke7 42. Kg3 Rd8 43. Rc7+ Rd7 44. Rc6 Rb7 45. Kf4 a5 46. b5 Rd7 47. Ke4 Rd1 48. Nd4 Re1+ 49. Kd3 Rxe5 50. Rc7+ Kf8 51.
Rc8+ Ke7 52. Nc6+ Kd7 53. Rd8+ Kc7 54. Rg8 Rd5+ 55. Ke4 Bc3 56. Re8 Kd6 57. a4 Kc5 58.
Rxe6 Rf5 59. f4 Bd2 60. Re5+ Rxe5+ 61. fxe5 Kc4 62. e6 Bb4 63. e7 Bxe7 64. Nxe7 Kb3 65. Kd5 Kxa4 66. Kc6 Kb4 67. Kxb6 a4 68. Nc6+ Kc3 69.
Kc5 a3 70. Nb4 Kb3 71. b6 a2 72. Nxa2 Kb2 73. b7 h5 74. b8=Q+ Ka1 75. Nb4 1-0

[Event "Late-Titled-Tuesday-Blitz-May-14-2024"]
[Site "Chess.com"]
[Date "2024.05.14"]
[Round "1"]
[White "SRob2003"]
[Black "maracayo"]
[Result "1-0"]
[WhiteElo "2678"]
[BlackElo "2359"]
[TimeControl "180+1"]
[EndTime "14:08:48 PDT"]
[Termination "SRob2003 won by resignation"]

1. Nc3 d6 2. d4 Nf6 3. e4 e5 4. Nge2 Be7 5. h3 O-O 6. g4 Re8 7. Bg2 c6 8. a4 Nbd7 9. O-O h6 10. Be3 Bf8 11. Ng3 b6 12. d5 cxd5 13. exd5 Ba6 14. Re1 Rc8 15. Nf5 Qc7 16. h4 Nh7 17. g5 hxg5 18.
hxg5 g6 19. Ng3 Bg7 20. Nge4 Nc5 21. Nxc5 bxc5 22. Ne4 Rb8 23. Rb1 Bc8 24. Qf3 Bf5 25. Bh3 Bxe4 26. Qxe4 Rb4 27. Qd3 e4 28. Qe2 Qe7 29.
Qg4 Reb8 30. b3 Qe5 31. Rbd1 Re8 32. Bf4 Qe7 33. Be3 Bd4 34. Bd2 Rbb8 35. Bg2 e3 36.
Bxe3 Bxe3 37. Rxe3 Qxg5 38. Qxg5 Nxg5 39. Rxe8+ Rxe8 40. Bf1 Nf3+ 41. Kg2 Nh4+ 42. Kh1 Nf5 43. Bb5 Re4 44. c3 Rf4 45. Kg1 Nh4 46. Be2 Re4 47.
Rd2 a5 48. f3 Re3 49. b4 cxb4 50. cxb4 axb4 51. a5 Ra3 52. a6 Kg7 53. Kf2 Nf5 54. Rb2 b3 55. Bc4 Nd4 56. Ke3 Nc2+ 57. Kd2 Nd4 58. Kc3 Nf5 59. Rxb3 Ra1 60. Rb7 Ne3 61. a7 Nxc4 62. Kxc4 Kf6 63. Kb5 Ke5 64. Kc6 Rc1+ 65.
Kd7 Ra1 66. Kc8 Kxd5 67. Rxf7 g5 68. Kb8 Kd4 69. Rf5 Ke3 70. Rxg5 Kxf3 71. Rd5 Rb1+ 72. Kc7 Ra1 73. Kb6 Ke4 74. Ra5 Rb1+ 75. Kc7 Rc1+ 76. Kd7 Rh1 77. a8=Q+ Ke3 78. Qxh1 1-0

[Event "Late-Titled-Tuesday-Blitz-May-14-2024"]
[Site "Chess.com"]
[Date "2024.05.14"]
[Round "1"]
[White "Bykov_Egor"]
[Black "giovannibrandao7"]
[Result "1-0"]
[WhiteElo "2636"]
[BlackElo "2318"]
[TimeControl "180+1"]
[EndTime "14:08:49 PDT"]
[Termination "Bykov_Egor won by resignation"]

1. e4 c5 2. c3 Nf6 3. e5 Nd5 4. d4 cxd4 5. Nf3 Nc6 6. Bc4 e6 7. O-O d6 8. cxd4 b6 9. Qa4 Bb7 10. Bxd5 exd5 11. Bg5 Be7 12. Bxe7 Qxe7 13. exd6 Qxd6 14.
Re1+ Kf8 15. Nc3 a6 16. Qb3 Na5 17. Qc2 f6 18. Qf5 g6 19. Re6 gxf5 20. Rxd6 Nc4 21. Rxf6+ Kg7 22. Rxf5 Nxb2 23. Ne5 Rhf8 24. Rxf8 Rxf8 25.
Rb1 Rc8 26. Rxb2 Rxc3 27. Kf1 b5 28. a4 Ra3 29. axb5 axb5 30. Ke1 Ba6 31. Kd2 Ra4 32. Ke3 Ra3+ 33. Kf4 Ra4 34. Nc6 Rc4 35. Nb4 Rxd4+ 36. Ke5 Re4+ 37. Kxd5 Bb7+ 38. Kc5 Rh4 39. g3 Rxh2 40.
Kxb5 Bf3 41. Kc5 Rh6 42. Kd4 Re6 43. Nd3 Re4+ 44. Kc3 Re8 45. Rb4 h6 46. Rf4 Be4 47.
Nc5 Bg6 48. Kd4 Re1 49. Rf3 h5 50. Nb3 Rd1+ 51. Ke5 Rd8 52. Nd4 Re8+ 53. Ne6+ Kh6 54. Rf6 Kh7 55. Kf4 Ra8 56. Nf8+ Kg7 57. Rxg6+ Kxf8 58. Kg5 Ra5+ 59. Kh6 Rf5 60. f4 Ra5 61. Rg5 Ra3 62. Kxh5 Kf7 63. Kg4 Kf6 64. Rb5 Ra1 65. Rb6+ Kf7 66. Kg5 Rg1 67. g4 Rc1 68. Rb7+ Kf8 69. f5 Rc4 70. Ra7 Rb4 71. f6 Rd4 72. Kf5 Rb4 73. g5 Rb5+ 74. Kg6 1-0

[Event "Late-Titled-Tuesday-Blitz-May-14-2024"]
[Site "Chess.com"]
[Date "2024.05.14"]
[Round "1"]
[White "VelandiaSaurio"]
[Black "Individoom"]
[Result "0-1"]
[WhiteElo "2416"]
[BlackElo "2804"]
[TimeControl "180+1"]
[EndTime "14:08:51 PDT"]
[Termination "Individoom won by resignation"]

1. d4 Nf6 2. Nf3 g6 3. c4 Bg7 4. Nc3 O-O 5. e4 d6 6. h3 e5 7. dxe5 dxe5 8. Be3 Nbd7 9. c5 c6 10. b4 Qe7 11. Bc4 b6 12. Qd6 Qxd6 13. cxd6 b5 14.
Bb3 a5 15. bxa5 Rxa5 16. O-O b4 17. Ne2 Nxe4 18. Rfd1 Ba6 19. Ng3 Nc3 20. Rd2 c5 21. a4 h6 22. Rc2 e4 23. Nd2 Bd3 24. Rcc1 Ne2+ 25. Nxe2 Bxa1 26. Nf4 Bb2 27. Rd1 Kg7 28. Nxd3 exd3 29. Nc4 Ra6 30. Nxb2 Rxd6 31. Nc4 Rd5 32. Nb2 Rd6 33. Nc4 Re6 34. Rxd3 Ne5 35. Nxe5 Rxe5 36. Rd7 g5 37. a5 Ra8 38. Rxf7+ Kg6 39. Rc7 Rxa5 40.
Kh2 Ra3 41. Bf7+ Kf6 42. Bg8 b3 43. Bxc5 b2 44. Bh7 Rc3 45. Be7+ Rxe7 46. Rxc3 Rxh7 47.
Rb3 Rd7 48. Rxb2 Rd6 49. Kg3 Kg6 50. f3 Rf6 51. Rb5 Re6 52. h4 Rf6 53. hxg5 hxg5 54. Rc5 Rd6 55. Rb5 Rc6 56. Rd5 Rb6 57. Re5 Rc6 58.
Kg4 Rc4+ 59. Re4 Rc6 60. Rd4 Rb6 61. Rc4 Rd6 62. Re4 Rc6 63. g3 Rb6 64. Re5 Rb4+ 65. Re4 Rb6 66. Re8 Rb4+ 67. Kh3 Rc4 68. Rg8+ Kf6 69.
Rf8+ Kg6 70. Rd8 Kf6 71. Rd6+ Kg7 72. Ra6 Rb4 73. Rb6 Rxb6 74. Kg4 Rb5 75. f4 gxf4 76. gxf4 Kf6 0-1